 Dungeon Crawl Stone Soup version 0.23-a0-449-g8e4cbf7 (webtiles) character file.

1257 Pebbles the Protected (level 8, 0/58 HPs)
             Began as a Formicid Abyssal Knight on Nov 21, 2018.
             Was a Priest of Lugonu.
             Slain by a centaur (7 damage)
             ... on level 6 of the Dungeon.
             The game lasted 00:14:28 (5758 turns).

Pebbles the Protected (Formicid Abyssal Knight)     Turns: 5758, Time: 00:14:29

Health: 0/58       AC: 14    Str: 19    XL:     8   Next: 81%
Magic:  9/9        EV:  9    Int: 12    God:    Lugonu [***...]
Gold:   175        SH:  3    Dex: 10    Spells: 7/7 levels left

rFire    . . .     SeeInvis +   g - +3 glaive (venom)
rCold    + . .     Gourm    +   B - +0 buckler
rNeg     + . .     Faith    .   y - +6 scale mail of Vogohis {rN+ Regen+ Stlth-}
rPois    .         Spirit   .   (helmet unavailable)
rElec    .         Reflect  .   (no cloak)
rCorr    .         Harm     .   (no gloves)
MR       .....                  (no boots)
Stlth    ..........             I - amulet of the gourmand
HPRegen  0.59/turn              (no ring)
MPRegen  0.11/turn              r - ring of protection from cold

@: lethally poisoned (0 -> 0), very slightly contaminated, invisible
A: permanent stasis, dig shafts and tunnels, four strong arms, antennae 3
a: Dig, Shaft Self, Depart the Abyss, Bend Space, Banish, Renounce Religion


You were on level 6 of the Dungeon.
You worshipped Lugonu.
Lugonu was most pleased with you.
You were very hungry.

You visited 1 branch of the dungeon, and saw 6 of its levels.
You visited the Abyss 1 time.

You collected 373 gold pieces.
You spent 198 gold pieces at shops.

Inventory:

Hand Weapons
 a - a +1 hand axe
 g - a +3 glaive of venom (weapon)
Missiles
 b - 9 poisoned needles
 e - 2 tomahawks of dispersal (quivered)
 k - 53 sling bullets
 u - 12 tomahawks
 v - 3 needles of sleeping
 D - a throwing net
Armour
 f - a +0 chain mail
 y - the +6 scale mail of Vogohis (worn) {rN+ Regen+ Stlth-}
   (You bought it in a shop on level 4 of the Dungeon)

   It protects you from negative energy.
   It increases your rate of regeneration.
   It makes you less stealthy.
 B - a +0 buckler (worn)
 M - the +2 ring mail of the Lost Suns {rPois rN+}
   (You found it on level 6 of the Dungeon)

   It protects you from poison.
   It protects you from negative energy.
Jewellery
 p - an uncursed ring of ice
 r - a ring of protection from cold (right hand)
 I - an amulet of the gourmand (around neck)
Wands
 w - a wand of digging (4)
 E - a wand of random effects (13)
Scrolls
 h - 2 scrolls of fear {unknown}
 l - 2 scrolls of identify
 m - 2 scrolls of noise {unknown}
 s - 2 scrolls of enchant armour {unknown}
 z - 2 scrolls of fog {unknown}
 A - a scroll of random uselessness {unknown}
 H - a scroll of remove curse {unknown}
 J - a scroll of teleportation {unknown}
 K - a scroll of summoning {unknown}
 L - a scroll of immolation {unknown}
Potions
 d - 5 potions of curing
 i - 2 potions of haste
 j - a potion of magic {unknown}
 n - 2 potions of lignification {unknown}
 o - 2 potions of invisibility
 q - a potion of heal wounds {unknown}
 t - 2 potions of flight {unknown}
 x - 2 potions of might {unknown}
 C - a potion of degeneration {unknown}
Comestibles
 c - 15 rations


   Skills:
 - Level 3.2 Fighting
 * Level 5.1(5.2) Axes
 - Level 0.7(3.2) Polearms
 + Level 9.7 Armour
 - Level 0.8 Dodging
 + Level 0.4 Shields
 - Level 2.1 Invocations


You had 7 spell levels left.
You didn't know any spells.
Your spell library contained the following spells:

 Spells                   Type           Power        Failure   Level  Hunger
 Freeze                   Ice            #...         77%         1    ##.....
 Throw Frost              Conj/Ice       #.....       88%         2    ###....
 Ozocubu's Armour         Chrm/Ice       #.......     98%         3    ####...
 Summon Ice Beast         Ice/Summ       #.......     100%        4    #####..
 Throw Icicle             Conj/Ice       #.......     100%        4    #####..


Dungeon Overview and Level Annotations

Branches:
Dungeon (6/15)
 Temple: D:4-7

Altars:
Fedhas
Trog
Wu Jian

Shops:
D:4 [%

Annotations:
D:5 2 transporters, 2 runed doors, Karim's ghost, amateur GnWr


Innate Abilities, Weirdness & Mutations

You cannot be hasted, slowed, berserked, paralysed or teleported.
You can dig through walls and to a lower floor.
Your four strong arms can wield two-handed weapons with a shield.
You have a pair of large antennae on your head. (SInv)


Message History

* * * LOW HITPOINT WARNING * * *
You are poisoned.
Your stasis prevents you from being slowed.
Attack whom?
Press: ? - help, Dir - move target cursor, f/p - hornet
Aim: a hornet (almost dead, poisoned)
You slash the hornet!
You kill the hornet!
Lugonu accepts your kill.
You feel sick.
The centaur unwields a +0 shortbow.
The centaur hits you.
* * * LOW HITPOINT WARNING * * *
You hit the centaur but do no damage.
The centaur is severely wounded.
You feel sick. You block the centaur's attack. The centaur hits you.
* * * LOW HITPOINT WARNING * * *
The centaur closely misses you.
You closely miss the centaur.
The centaur is heavily wounded.
You feel sick. The centaur closely misses you. The centaur hits you!
You die...

#..###...##+# #+##......###.#
#..##..### #.. ###....###.##
#.....##.# #.. ##...#.....
#..##.'."# #.. +...#.#.#.
##+##.##.#{ #.. { {##.#.#.#.#.
#......### {#.. { ###..#.#.#.#.
#........####.Z ####......#.#.#.
#...........##c##.[...........#.
#.>.......#....@..#.......#...#.
#.........####^##.#########...#.
#.........# #)##.............#.
#.........# #.###########....#.
########### #...........#....#.
###########.#....#.
#.....#....#. #.###.#....#. #.#
#.#....#.


You could see a centaur and a quokka skeleton (wandering).

Vanquished Creatures
  A hornet (D:6)
  Sigmund (D:4)
  Edmund (D:4)
  A phantom (D:6)
  A centaur (D:5)
  A scorpion (D:5)
  3 hounds
  A bullfrog zombie (D:6)
  2 orc priests
  5 orc wizards
  An iguana (D:3)
  2 worker ants (D:5)
  Natasha (thrice) (D:4)
  A hound skeleton (D:4)
  Robin (D:4)
  3 adders
  A shadow imp (D:5)
  An ooze (D:6)
  3 worms
  An adder zombie (D:5)
  A dart slug (D:3)
  4 leopard geckos
  20 orcs
  A ball python (D:5)
  7 giant cockroaches
  12 goblins
  11 hobgoblins
  11 jackals
  6 bats
  4 frilled lizards
  A jackal skeleton (D:5)
  4 kobolds
  2 quokka skeletons
  7 rats
125 creatures vanquished.

Vanquished Creatures (others)
  4 toadstools (D:1)
4 creatures vanquished.

Grand Total: 129 creatures vanquished

Notes
Turn   | Place    | Note
-------+----------+-------------------------------------------
     0 | Abyss:1  | Pebbles the Formicid Abyssal Knight began the quest for the
                  | Orb.
     0 | Abyss:1  | Reached XP level 1. HP: 18/18 MP: 2/2
   163 | Abyss:2  | Noticed a small abomination
   180 | Abyss:2  | Noticed a necromancer
   194 | Abyss:2  | Noticed a large abomination
   237 | Abyss:2  | Noticed a worldbinder
   239 | Abyss:2  | Noticed a rakshasa
   240 | D:1      | Escaped the Abyss
   372 | D:1      | Reached XP level 2. HP: 24/24 MP: 3/3
   426 | D:1      | Reached * piety under Lugonu
   790 | D:1      | Reached skill level 3 in Armour
   825 | D:1      | Reached XP level 3. HP: 29/29 MP: 4/4
  1298 | D:2      | Found a blossoming altar of Fedhas.
  1578 | D:2      | Reached XP level 4. HP: 28/35 MP: 5/5
  1719 | D:2      | Reached ** piety under Lugonu
  1731 | D:2      | Reached skill level 4 in Armour
  1755 | D:2      | Found a bloodstained altar of Trog.
  1827 | D:2      | Found an ornate altar of the Wu Jian Council.
  2217 | D:3      | Reached XP level 5. HP: 41/41 MP: 6/6
  2804 | D:3      | Reached skill level 5 in Armour
  2809 | D:3      | Reached XP level 6. HP: 38/47 MP: 7/7
  3454 | D:4      | Found Geakhleo's Antique Armour Emporium.
  3464 | D:4      | Noticed Robin
  3828 | D:4      | Killed Robin
  3837 | D:4      | Bought a slimy scale mail for 198 gold pieces
  3847 | D:4      | Identified the +6 scale mail of Vogohis {rN+ Regen+ Stlth-}
                  | (You bought it in a shop on level 4 of the Dungeon)
  3942 | D:4      | Noticed Natasha
  3947 | D:4      | Killed Natasha
  3947 | D:4      | Reached skill level 6 in Armour
  4396 | D:4      | Reached XP level 7. HP: 52/52 MP: 8/8
  4410 | D:4      | Found Bahouss's Food Shop.
  4499 | D:4      | Reached *** piety under Lugonu
  4576 | D:4      | Noticed Natasha
  4578 | D:4      | Killed Natasha
  4578 | D:4      | Reached skill level 7 in Armour
  4755 | D:4      | Noticed Natasha
  4760 | D:4      | Killed Natasha
  4769 | D:4      | Noticed Edmund
  4775 | D:4      | Killed Edmund
  4811 | D:4      | Noticed Sigmund
  4827 | D:4      | Killed Sigmund
  4827 | D:4      | Reached skill level 8 in Armour
  4827 | D:4      | Reached XP level 8. HP: 52/58 MP: 9/9
  5001 | D:5      | Entered Level 5 of the Dungeon
  5140 | D:5      | Found a transporter.
  5220 | D:5      | Found a transporter.
  5259 | D:5      | Found a runed door.
  5293 | D:5      | Reached skill level 9 in Armour
  5448 | D:5      | Found a runed door.
  5473 | D:5      | Noticed Karim's ghost (amateur GnWr)
  5651 | D:6      | Got a heavily runed ring mail
  5652 | D:6      | Identified the +2 ring mail of the Lost Suns {rPois rN+}
                  | (You found it on level 6 of the Dungeon)
  5730 | D:6      | Reached skill level 5 in Axes
  5739 | D:6      | Noticed a hornet
  5756 | D:6      | Killed a hornet
  5758 | D:6      | Slain by a centaur

Vault maps used:
D:1:      ldierk_walled_garden_2
D:2:      fedhas_altar_2, lemuel_round_altar, nicolae_overflow_hidden_temple
D:3:      first_ration
D:4:      serial_shops, shop, nicolae_shop_crystal, kennysheep_nondescript,
          sigmund_edmund_badplayer, uniq_natasha, uniq_robin, uniq_sigmund
D:5:      gammafunk_wand_slinger, serial_glass, glass_columns_c,
          glass_columns_b, ebering_ghost_sewer_f, minmay_manual_monstrance
D:6:      minmay_temple_entry_stoned_glass, minmay_divided_ellipse,
          uniq_menkaure
Abyss:2:  evilmike_abyss_exit_kraken

Skill      XL: |  1  2  3  4  5  6  7  8 |
---------------+-------------------------+-----
Armour         | 3 4 5 6 8 9 |  9.7
Axes           | 3 4 5 |  5.1
Fighting       | |  3.2
Polearms       | |  0.7
Dodging        | |  0.8
Shields        | |  0.4
Invocations    | |  2.1

Action                   |  1- 3 |  4- 6 |  7- 9 || total
-------------------------+-------+-------+-------++-------
Melee: Glaive            |   105 |   136 |   118 ||   359
Invok: Depart the Abyss  |     1 |       |       ||     1
  Use: Scroll            |       |       |     7 ||     7
       Potion            |       |       |     2 ||     2
  Eat: Chunk             |     2 |     9 |     4 ||    15
Armor: Chain mail        |    79 |    78 |       ||   157
       Scale mail        |       |    18 |    68 ||    86
Dodge: Dodged            |    49 |    67 |    48 ||   164
Block: Buckler           |       |       |     7 ||     7

Table legend:
 A = Non-vault XP
 B = Vault XP
 C = Vault XP percentage of total XP
 D = Non-vault monster count
 E = Vault monster count
 F = Vault count percentage of total count
                 A         B        C        D         E       F
            +---------+---------+-------+---------+---------+-------
      Total |     891 |     906 |  50.4 |     103 |      22 |  17.6
            +---------+---------+-------+---------+---------+-------
        D:1 |      33 |       0 |   0.0 |      21 |       0 |   0.0
        D:2 |      90 |       0 |   0.0 |      24 |       0 |   0.0
        D:3 |     161 |      16 |   9.0 |      21 |       8 |  27.6
        D:4 |     353 |     431 |  55.0 |      21 |       6 |  22.2
        D:5 |     126 |     260 |  67.4 |      14 |       5 |  26.3
        D:6 |     128 |     199 |  60.9 |       2 |       3 |  60.0
            +---------+---------+-------+---------+---------+-------
